 Dungeon Crawl Stone Soup version 0.29.1-1-gd02db6906a (webtiles) character file.

Game seed: 989967100948091676

2 sentinel the Digger (level 1, 0/14 HPs)
             Began as a Meteoran Earth Elementalist on Oct 12, 2022.
             Succumbed to an adder's poison
             ... on level 2 of the Dungeon.
             The game lasted 00:00:42 (81 turns).

sentinel the Digger (Meteoran Earth Elementalist)     Turns: 81, Time: 00:00:43

Health: 0/14       AC:  2    Str:  9    XL:     1   Next: 57%
Magic:  3/5        EV: 12    Int: 16    God:
Gold:   0          SH:  0    Dex: 14    Spells: 4/5 levels left

rFire   . . .      SeeInvis .   (no weapon)
rCold   . . .      Faith    .   (no shield)
rNeg    . . .      Spirit   .   a - +0 robe
rPois   .          Reflect  .   (no helmet)
rElec   .          Harm     .   (no cloak)
rCorr   .          Rampage  .   (no gloves)
Will    .....                   (no boots)
Stlth   +.........              (no amulet)
HPRegen 0.04/turn               (no ring)
MPRegen 0.09/turn               (no ring)

@: lethally poisoned (0 -> -5), glowing
A: sense surroundings 1, otherworldly, glowing, explore regen
a: no special abilities


You were on level 2 of the Dungeon.
You visited 1 branch of the dungeon, and saw 2 of its levels.

Inventory:

Armour
 a - a +0 robe (worn)
Scrolls
 e - a scroll of immolation
 r - a scroll of identify
Potions
 b - a potion of magic
 d - 2 potions of might


   Skills:
 - Level 2.4 Dodging
 - Level 1.4 Stealth
 - Level 2.6 Spellcasting
 - Level 1.2 Transmutations
 + Level 3.9 Earth Magic


You had 4 spell levels left.
You knew the following spells:

 Your Spells              Type           Power      Damage    Failure   Level
a - Sandblast             Erth           28%        2d8       4%          1

Your spell library contained the following spells:

 Spells                   Type           Power      Damage    Failure   Level
 Passwall                 Tmut/Erth      8%         N/A       11%         2
 Stone Arrow              Conj/Erth      16%        3d8       26%         3
 Ozocubu's Armour         Ice            2%         N/A       50%         3
 Petrify                  Tmut/Erth      10%        N/A       56%         4
 Ozocubu's Refrigeration  Ice            1%         4d7       100%        7


Dungeon Overview and Level Annotations

Branches:
Dungeon (2/15) Zot: 1117

Altars:


Innate Abilities, Weirdness & Mutations

You passively map a small area around you.
You are easily found by Zot.
You glow in the dark.
You regain HP and MP as you explore.


Message History

Welcome, sentinel the Meteoran Earth Elementalist.
The Orb of Zot is coveted for many reasons.
Will you seize it for your own?
Press ? for a list of commands and other information.
Found Ozocubu's Autobiography, 8 gold pieces and a sling.
Found a staircase leading out of the dungeon.
Saving game... please wait.
Welcome back, sentinel the Meteoran Earth Elementalist.
Press ? for a list of commands and other information.
Found a stone staircase leading down.
You pick up Ozocubu's Autobiography and begin reading...
You add the spells Ozocubu's Armour and Ozocubu's Refrigeration to your library.
An endoplasm and a bat come into view.
Found 8 gold pieces.
The endoplasm quivers.
The blast of sand hits the bat.
You kill the bat!
The blast of sand hits the endoplasm.
The endoplasm is moderately wounded.
The blast of sand hits the endoplasm!
You kill the endoplasm!
You can't see any susceptible monsters within range! (Use Z to cast anyway.)
You open the door.
There is an open door here.
You see here a bat corpse.
What are your orders? t - Shout!
Orders for allies: a - Attack new target. r - Retreat! s - Stop attacking. g - Guard the area. f - Follow me.
Anything else - Cancel.
You shout for attention!
You hear an angry hiss.
There is a stone staircase leading down here.
You open the door.
You climb downwards.
There is a stone staircase leading up here.
You open the door.
There is an open door here.
You open the door. You open the door.
Found 3 scrolls labelled NYVOHE EKHOIXO.
There is an open door here.
Found a ring mail.
You open the door.
c - 3 scrolls labelled NYVOHE EKHOIXO
Found 2 purple potions and a scroll labelled TIEGEIM UNOE.
d - a scroll labelled TIEGEIM UNOE
e - 2 purple potions A gnoll comes into view.
It is wielding a +0 club.
An adder comes into view.
The adder hisses angrily.
The adder moves out of view.
A bat and a gnoll come into view.
A rat comes into view.
Okay, then.
As you read the scroll labelled NYVOHE EKHOIXO, it crumbles to dust.
It is a scroll of identify.
d - a scroll of immolation;
r - 2 scrolls of identify
As you read the scroll of identify, it crumbles to dust.
e - 2 potions of might;
d - 2 potions of might;
e - a scroll of immolation The adder bites you but does no damage.
The gnoll hits you with a +0 club.
Casting: Sandblast (safe; 4% risk of failure)
Confirm with . or Enter, or press ? or * to list all spells.
Aiming: Sandblast (safe; 4% risk of failure)
Press: ? - help, Shift-Dir - straight line, f - adder
Aim: an adder (70% to hit)
The blast of sand misses the adder.
The adder bites you. The gnoll hits you with a +0 club. The adder bites you.
You are lethally poisoned!
The adder poisons you!
HP warning!
Casting: Sandblast (safe; 4% risk of failure)
Confirm with . or Enter, or press ? or * to list all spells.
Aiming: Sandblast (safe; 4% risk of failure)
Press: ? - help, Shift-Dir - straight line, f/p - adder
Aim: an adder (70% to hit)
The blast of sand hits the adder.
The adder is moderately wounded.
You die...

.. * # # , , * ,.. *#.# *
, * *.###+##.# ,
.....^...### *
.#....##...## ,
##.##....##....## ,,
...##....####...## . ,
#####.#..........# .r. *
..###.#........#@###.....
..'...#.........gS.......
..#.###.........#........
###.#
#.........#....####* *
###.# ########....#.... *
....# , ............ ,
##### , ......######. #
.......# * , * # ,g..b# ,


You could see a gnoll and an adder.

Vanquished Creatures
  A bat (D:1)
  An endoplasm (D:1)
2 creatures vanquished.

Notes
Turn   | Place    | Note
-------+----------+-------------------------------------------
     0 | D:1      | sentinel the Meteoran Earth Elementalist began the quest
                  | for the Orb.
     0 | D:1      | Reached XP level 1. HP: 14/14 MP: 5/5
    81 | D:2      | Succumbed to an adder's poison

Illustrated notes

Levels and vault maps discovered:
D:1:      wander_arrival_peaceful_grave, layout_basic,
          chequers_ecumenical_altar_simple_redux, chequers_jeans,
          minmay_bisected
D:2:      layout_basic, uniq_natasha, uniq_sigmund, uniq_jessica

Action                   || total
-------------------------++-------
 Cast: Sandblast         ||     5
  Use: Scroll            ||     2
Armor: Robe              ||     1
